 Dungeon Crawl Stone Soup version 0.31-a0-981-geadf994542 (webtiles) character file.

Game seed: 17685542132375360327

2168328 Flugkiller the Acrobat (level 25, 210/210 HPs)
             Began as an Octopode Shapeshifter on Nov 1, 2023.
             Was the Champion of Nemelex Xobeh.
             Escaped with the Orb
             ... and 3 runes!
             The game lasted 01:15:08 (40229 turns).

Flugkiller the Acrobat (Octopode Shapeshifter)     Turns: 40229, Time: 01:15:09

Health: 210/210    AC:  7    Str: 15    XL:     25   Next: 8%
Magic:  39/39      EV: 45    Int: 22    God:    Nemelex Xobeh [******]
Gold:   299        SH:  0    Dex: 36    Spells: 25/32 levels left

rFire   + + .        I - +8 pair of quick blades "Gyre" and "Gimble" {protect}
rCold   + . .        (shield currently unavailable)
rNeg    + . .        s - +2 hat
rPois   +            l - amulet of guardian spirit
rElec   .            m - ring of willpower
rCorr   .            H - ring of the Nine Howling Songs {rPois rF+ MP+9}
SInv    .            g - +6 ring of dexterity
Will    +++..        U - ring of Bofump {Int+6 Dex+3 Slay+3}
Stlth   ++++         u - ring of Gedghecw {AC+4 Int+3 Stlth+}
HPRegen 0.55/turn    r - ring of Understanding {Fly rF+ rN+}
MPRegen 0.26/turn    V - ring "Feunidd" {rC+ Will+}
                     B - +6 ring of dexterity

%: guardian spirit
@: maw-form, flying, studying Stealth
A: devouring maw, almost no armour, amphibious, 8 rings, camouflage 1,
gelatinous body 1, (nimble swimmer 1), tentacles, poison resistance, robust 1
0: Orb of Zot
}: 3/15 runes: decaying, silver, gossamer
a: Begin Untransformation, Renounce Religion, Draw Escape, Draw Destruction,
Draw Summoning, Triple Draw, Deal Four, Stack Five


You escaped.
You worshipped Nemelex Xobeh.
Nemelex Xobeh was exalted by your worship.
You were a creature with a mouth for a stomach.
You visited 8 branches of the dungeon, and saw 44 of its levels.
You visited 1 bazaar.
You also visited: Ossuary, Bailey, Gauntlet and Desolation.

You collected 6890 gold pieces.
You spent 6591 gold pieces at shops.

Inventory:

Hand Weapons
 I - the +8 pair of quick blades "Gyre" and "Gimble" (weapon) {protect}
   (You found it on level 10 of the Dungeon)
Missiles
 W - 23 curare-tipped darts
Armour
 s - a +2 hat (worn)
   (You found it on level 3 of the Dungeon)
Jewellery
 e - the amulet of Washruit {Acrobat *Corrode rElec rF+ Dex+6}
   (You bought it in a shop on level 2 of the Vaults)

   [amulet of the acrobat]

   Acrobat:   It increases your evasion while moving and waiting.
   Dex+6:     It affects your dexterity (+6).
   rF+:       It protects you from fire.
   rElec:     It insulates you from electricity.
   *Corrode:  It may corrode you when you take damage.
 f - a ring of protection from fire
   (You found it on level 9 of the Dungeon)
 g - a +6 ring of dexterity (on tentacle)
   (You found it on level 1 of the Spider Nest)
 i - a ring of see invisible
   (You found it on level 3 of the Lair of Beasts)
 j - a +4 ring of slaying
   (You found it on level 10 of the Dungeon)
 l - an amulet of guardian spirit (around mantle)
   (You found it on level 3 of the Dungeon)
 m - a ring of willpower (left tentacle)
   (You bought it in a shop on level 2 of the Vaults)
 p - a +4 ring of protection
   (You found it on level 3 of the Dungeon)
 r - the ring of Understanding (on tentacle) {Fly rF+ rN+}
   (You found it in the Desolation of Salt)

   [ring of flight]

   rF+:       It protects you from fire.
   rN+:       It protects you from negative energy.
   Fly:       It grants you flight.
 u - the ring of Gedghecw (on tentacle) {AC+4 Int+3 Stlth+}
   (You bought it in a shop on level 2 of the Orcish Mines)

   [ring of protection]

   AC+4:      It affects your AC (+4).
   Int+3:     It affects your intelligence (+3).
   Stlth+:    It makes you more stealthy.
 x - a ring of willpower
   (You bought it in a shop in a bazaar)
 B - a +6 ring of dexterity (on tentacle)
   (You found it on level 5 of the Lair of Beasts)
 H - the ring of the Nine Howling Songs (right tentacle) {rPois rF+ MP+9}
   (You acquired it on level 8 of the Dungeon)

   [ring of poison resistance]

   rF+:       It protects you from fire.
   rPois:     It protects you from poison MP+9: It affects your magic capacity
   (+9).
 U - the ring of Bofump (on tentacle) {Int+6 Dex+3 Slay+3}
   (You found it on level 5 of the Vaults)

   [ring of intelligence]

   Int+6:     It affects your intelligence (+6).
   Dex+3:     It affects your dexterity (+3).
   Slay+3:    It affects your accuracy & damage with ranged weapons and melee
   (+3).
 V - the ring "Feunidd" (on tentacle) {rC+ Will+}
   (You bought it in a shop on level 3 of the Depths)

   [ring of willpower]

   rC+:       It protects you from cold.
   Will+:     It increases your willpower.
Talismans
 G - a maw talisman (active)
   (You found it on level 8 of the Dungeon)
Wands
 o - a wand of acid (8)
   (You found it on level 2 of the Spider Nest)
 C - a wand of mindburst (21)
   (You found it on level 7 of the Dungeon)
 E - a wand of charming (50)
   (You bought it in a shop on level 3 of the Dungeon)
 O - a wand of roots (33)
   (You found it on level 9 of the Dungeon)
 Q - a wand of digging (26)
   (You found it on level 8 of the Dungeon)
Scrolls
 a - 5 scrolls of fog
 t - 22 scrolls of teleportation
 z - 5 scrolls of blinking
 D - 6 scrolls of poison
 J - 3 scrolls of summoning
 L - 7 scrolls of immolation
 R - 2 scrolls of silence
 S - 9 scrolls of vulnerability
 T - 3 scrolls of fear
Potions
 d - 6 potions of might
 h - 10 potions of haste
 k - 7 potions of enlightenment
 n - a potion of resistance
 q - 13 potions of curing
 v - 12 potions of mutation
 w - 9 potions of heal wounds
 y - 5 potions of attraction
 A - 4 potions of invisibility
 F - 2 potions of cancellation
 K - 2 potions of berserk rage
 M - 4 potions of magic
 N - 7 potions of ambrosia
Miscellaneous
 P - a condenser vane
   (You found it in the Desolation of Salt)


   Skills:
 + Level 20.8 Fighting
 - Level 14.0 Short Blades
 + Level 22.7 Dodging
 - Level 20.0 Stealth
 - Level 4.0 Unarmed Combat
 - Level 4.0 Spellcasting
 - Level 10.0 Translocations
 - Level 6.1 Ice Magic
 - Level 10.0 Air Magic
 - Level 10.0 Invocations
 - Level 19.0 Shapeshifting


You had 25 spell levels left.
You knew the following spells:

 Your Spells              Type           Power      Damage    Failure   Level
a - Ozocubu's Armour      Ice            31%        N/A       2%          3
b - Vhi's Electric Charg  Tloc/Air       96%        N/A       1%          4

Your spell library contained the following spells:

 Spells                   Type           Power      Damage    Failure   Level
 Blink                    Tloc           96%        N/A       1%          2
 Lesser Beckoning         Tloc           96%        N/A       1%          2
 Swiftness                Air            48%        N/A       1%          3
 Manifold Assault         Tloc           48%        N/A       1%          4
 Passage of Golubria      Tloc           48%        N/A       1%          4
 Momentum Strike          Conj/Tloc      52%        3d9       2%          2
 Poisonous Vapours        Pois/Air       52%        N/A       2%          2
 Frozen Ramparts          Ice            62%        1d10      2%          3
 Cigotuvi's Dreadful Rot  Necr/Pois/Air  38%        N/A       4%          2
 Ensorcelled Hibernation  Hex/Ice        34%        N/A       4%          2
 Hailstorm                Conj/Ice       17%        3d6       10%         3
 Foxfire                  Conj/Fire      16%        2x1d4     11%         1
 Necrotise                Necr           16%        1d4       11%         1
 Sting                    Tmut/Pois      16%        1d3       11%         1
 Jinxbite                 Hex            8%         N/A       17%         2
 Passwall                 Tmut/Erth      3%         N/A       17%         2
 Dispersal                Tloc           24%        N/A       28%         6
 Call Canine Familiar     Summ           4%         N/A       32%         3
 Confusing Touch          Hex            4%         N/A       32%         3
 Summon Guardian Golem    Hex/Summ       4%         N/A       32%         3
 Tukima's Dance           Hex            4%         N/A       32%         3
 Vampiric Draining        Necr           4%         2d6       32%         3
 Summon Ice Beast         Ice/Summ       17%        N/A       32%         4
 Arcjolt                  Conj/Air       13%        1d23      36%         5
 Summon Forest            Summ/Tloc      13%        N/A       36%         5
 Metabolic Englaciation   Hex/Ice        8%         N/A       65%         5
 Anguish                  Hex/Necr       2%         N/A       73%         4
 Cause Fear               Hex            2%         N/A       73%         4
 Dispel Undead            Necr           4%         3d7       73%         4
 Olgreb's Toxic Radiance  Pois           4%         N/A       73%         4
 Petrify                  Tmut/Erth      4%         N/A       73%         4
 Conjure Ball Lightning   Conj/Air       13%        3x3d6     91%         6
 Plasma Beam              Fire/Air       13%        2x1d24    91%         6
 Agony                    Necr           4%         N/A       97%         5
 Fireball                 Conj/Fire      2%         3d4       97%         5
 Summon Mana Viper        Hex/Summ       4%         N/A       97%         5
 Yara's Violent Unravell  Hex/Tmut       2%         3d3       97%         5
 Simulacrum               Ice/Necr       8%         N/A       99%         6
 Death Channel            Necr           2%         N/A       100%        6
 Starburst                Conj/Fire      2%         6d3       100%        6
 Summon Cactus Giant      Summ           2%         N/A       100%        6
 Monstrous Menagerie      Summ           2%         N/A       100%        7
 Ozocubu's Refrigeration  Ice            15%        4d10      100%        7
 Spellforged Servitor     Conj/Summ      2%         N/A       100%        7
 Discord                  Hex            2%         N/A       100%        8
 Disjunction              Tloc           24%        N/A       100%        8
 Ignition                 Fire           2%         3d3       100%        8
 Maxwell's Capacitive Co  Air            24%        ∞         100%        8
 Dragon's Call            Summ           2%         N/A       100%        9


Dungeon Overview and Level Annotations

Branches:
Dungeon (15/15)            Temple (0/1) D:5            Lair (5/5) D:9
  Swamp (4/4) Lair:3       Spider (4/4) Lair:3        Slime (0/5) Lair:4
    Orc (2/2) D:11            Elf (0/3) Orc:2        Vaults (5/5) D:13
  Crypt (0/3) Vaults:3     Depths (4/4) D:15            Zot (5/5) Depths:4
Ossuary (visited)          Bailey (visited)         Desolation (visited)
Gauntlet (visited)

Altars:
Ashenzari
Elyvilon
Fedhas
Gozag
Kikubaaqudgha
Makhleb
Nemelex Xobeh
Okawaru
Qazlal
Ru
Sif Muna
Uskayaw
Xom
Yredelemnul
Zin
The Shining One
Jiyva

Shops:
D:3 *   D:7 ?   Orc:2 **[[   Vaults:1 =?(   Vaults:2 =   Vaults:4 (:(
Vaults:5 (   Depths:3 =[[*[

Portals:
Hell: Depths:2 Depths:3 Depths:4
Abyss: Depths:3
Pandemonium: Depths:2
Ziggurat: Depths:1

Annotations:
D:3 1 runed translucent door
Vaults:3 3 runed translucent doors, Ymilidghe's ghost, adept TrGl
Zot:4 2 transporters


Innate Abilities, Weirdness & Mutations

You are a creature with a mouth for a stomach.
Your midsection houses a second, enormous mouth.
You cannot wear most types of armour.
You are amphibious.
You can wear up to eight rings at the same time.
Your skin changes colour to match your surroundings (Stealth+).
Your rubbery body absorbs attacks. (AC +1, EV +1)
((You are camouflaged when in or above water. (Stealth+)))
You have tentacles for arms and can constrict up to eight enemies at once.
Your system is resistant to poisons. (rPois)
You are robust. (+10% HP)


Message History

You bite the Hell Sentinel!
You hit the Hell Sentinel but do no damage.
You bite the Hell Sentinel.
You kill the Hell Sentinel!
There is a stone staircase leading up here.
You fly upwards.
There is a stone staircase leading down here.
There is a stone staircase leading up here.
You fly upwards.
There is a stone staircase leading down here.
There is a stone staircase leading up here.
You fly upwards.
There is a stone staircase leading down here.
Magic restored.
There is a stone staircase leading up here.
You fly upwards.
There is a stone staircase leading down here.
A balrug and 3 sun demons come into view.
The balrug is wielding a +1 demon whip of venom.
The balrug moves out of view.
There is a stone staircase leading up here.
You fly upwards.
There is a stone staircase leading down here.
HP restored.
An angel comes into view.
It is wielding a +2 sacred scourge of holy wrath.
The angel completely misses you. x2
Casting: Vhi's Electric Charge (mildly dangerous; 1% risk of failure)
Confirm with . or Enter, or press ? or * to list all spells.
You can't charge at the angel because you're already next to there.
You hit the angel.
Your weapon exudes an aura of protection.
You grab the angel. You squeeze the angel! You bite the angel.
You hit the angel. You squeeze the angel. You barely miss the angel.
You squeeze the angel. Your bite misses the angel.
You hit the angel but do no damage. You bite the angel!!
The angel is moderately wounded.
You constrict the angel. The angel completely misses you. x2
You hit the angel. You puncture the angel!
You squeeze the angel, but do no damage.
You bite the angel. You hit the angel. You squeeze the angel!
You bite the angel, but do no damage. You puncture the angel!
You squeeze the angel, but do no damage.
You bite the angel!!
You kill the angel!
No target in view!
Unknown command.
No target in view!
Unknown command.
A rust devil comes into view.
The rust devil completely misses you.
You hit the rust devil.
Your weapon exudes an aura of protection.
You grab the rust devil. You squeeze the rust devil. You bite the rust devil!!
You hit the rust devil but do no damage.
You squeeze the rust devil. You bite the rust devil. You hit the rust devil.
You bite the rust devil. You puncture the rust devil!
You kill the rust devil!
No target in view!
You see here a +0 spear.
Things that are here:
a +0 flail; a +0 whip
There is a stone staircase leading up here.
You fly upwards.
Level annotation: 1 runed translucent door
There is a stone staircase leading down here.
There is an open door here.
There is a stone staircase leading up here.
You fly upwards.
There is a stone staircase leading down here.
A large abomination comes into view.
You puncture the large abomination!
Your weapon exudes an aura of protection.
Your bite misses the large abomination. You hit the large abomination.
You squeeze the large abomination, but do no damage.
You bite the large abomination!! You hit the large abomination.
You puncture the large abomination!
You destroy the large abomination!
No target in view!
There is a stone staircase leading up here.
You fly upwards.
There is a stone staircase leading down here.
A rust devil comes into view.
You puncture the rust devil!
Your weapon exudes an aura of protection.
You grab the rust devil. You squeeze the rust devil.
You bite the rust devil, but do no damage.
You hit the rust devil but do no damage.
You squeeze the rust devil, but do no damage.
You bite the rust devil! You puncture the rust devil!
You squeeze the rust devil, but do no damage.
You bite the rust devil.
You kill the rust devil!
You see here a +0 dagger.
You see here a +0 scale mail.
As you open the door, it creaks loudly!
Unknown command.
There is an open door here.
There is a staircase leading out of the dungeon here.
Enter note: gg You have escaped!

#.†.....#.....##.######
####.###....####......#
#.###.###......###.#
#..............# #.#
#...##'#'#+##..# #.######
#########..###.#.#.###.###.......
#......##..##♣.P.P.♣##.....#####.
#.####.#..[##.......##.###.#####.
#.####.#...##...W...##.# #.##....
....##.#...############# #.##.#..
#.#.#......##⌠..>..⌠## #..†....
#.#.#..###.##.......## ####†#..
.......###.##⌠.♣_♣.⌠## #....###
.##.....##.#####♣##### #.##.###
.####...##.########## #.##....
.........#.# #...# #...####
..#.#......####...###### ###.####


There were no monsters in sight!

Vanquished Creatures
  2 orbs of fire
  A juggernaut (Depths:2)
  2 juggernauts (shapeshifter) (Zot:1)
  Bai Suzhen (Swamp:3)
  Boris (4 times) (Vaults:2 Vaults:3 Depths:2 Depths:3)
  2 caustic shrikes (shapeshifter) (Zot:1)
  6 caustic shrikes
  A curse toe (Zot:5)
  4 golden dragons
  Jory (Vaults:4)
  Arachne (Spider:2)
  2 bone dragons
  A Brimstone Fiend (Depths:3)
  An electric golem (Zot:4)
  A Hell Sentinel (D:9)
  7 tentacled monstrosities
  Mlioglotl (Spider:2)
  Jorgrun (Spider:2)
  An Ice Fiend (Depths:2)
  10 Orb Guardians
  A titan (Vaults:5)
  2 liches (Depths:2)
  A walking divine tome (Depths:4)
  A death cob (Zot:1)
  A quicksilver dragon (Zot:4)
  2 sphinxes
  A shadow dragon (shapeshifter) (Zot:1)
  Kirke (Swamp:3)
  5 storm dragons
  A draconian monk (Zot:5)
  5 tengu reavers (Vaults:5)
  9 shadow dragons
  2 fenstrider witches
  A draconian knight (Depths:4)
  8 fire giants
  8 frost giants
  3 imperial myrmidons (Desolation)
  16 vault wardens
  2 draconian scorchers
  6 draconian shifters
  6 emperor scorpions
  An angel (D:4)
  5 ghost moths (Spider:4)
  A draconian stormcaller (Zot:3)
  2 orc warlords (Vaults:4)
  9 stone giants
  3 war gargoyles
  2 broodmothers
  A spriggan defender (Depths:2)
  A draconian annihilator (Zot:5)
  19 very ugly things
  20 ironbound preservers
  A reaper (Zot:1)
  2 vampire knights
  7 eleionomae
  3 formless jellyfish (Vaults:4)
  5 ironbound thunderhulks
  2 halazid warlocks (Desolation)
  3 green draconians
  4 bunyips
  3 black draconians
  5 purple draconians
  A minotaur (Gauntlet)
  9 red draconians
  5 dire elephants
  7 yellow draconians
  3 white draconians
  13 spark wasps
  A deep elf death mage (Vaults:5)
  5 ettins
  An eidolon (Depths:4)
  5 fire dragons
  3 green deaths
  2 crystal guardians
  3 ragged hierophants (Desolation)
  A merfolk impaler (Depths:3)
  5 entropy weavers
  2 deep elf high priests (Vaults:5)
  15 yaktaur captains
  4 rakshasas
  10 servants of whispers (Desolation)
  13 great orbs of eyes
  6 peacekeepers
  16 hydras
  8 ironbound frosthearts
  38 vault guards
  A hell beast (Swamp:4)
  3 ghost crabs
  6 spriggan air magi
  7 ice dragons
  2 catoblepae
  6 alligators
  11 two-headed ogres
  An anaconda (shapeshifter) (Vaults:5)
  5 ogre magi (Vaults:5)
  16 centaur warriors
  Erica (Lair:1)
  2 death knights (D:13)
  3 radroaches
  12 boulder beetles
  3 jorogumos (Spider:4)
  A death scarab (Gauntlet)
  3 tengu warriors
  2 deep troll shamans (Depths:2)
  A death yak (shapeshifter) (Zot:1)
  2 vampire magi
  11 death yaks
  5 deep troll earth magi
  5 spriggan berserkers
  A thrashing horror (Swamp:4)
  6 demonic crawlers
  5 hell knights
  Urug (Lair:5)
  3 iron trolls
  A spectral catoblepas (Gauntlet)
  4 skeletal warriors
  A flayed ghost (Vaults:5)
  2 sun moths
  9 pharaoh ants
  4 spriggan druids
  4 glowing orange brains
  3 goliath frogs (Swamp:4)
  61 deep trolls
  A skyshark (Lair:5)
  An orb spider (shapeshifter) (Vaults:4)
  5 phantasmal warriors
  3 steelbarb worms
  14 orb spiders
  8 bog bodies
  A glowing orange brain (shapeshifter) (Vaults:2)
  A swamp dragon (shapeshifter) (Vaults:5)
  4 swamp dragons
  6 arcanists
  5 lindwurms
  A harpy (Vaults:1)
  3 deep elf pyromancers
  26 ironbound convokers
  5 necromancers
  26 wolf spiders
  2 orc sorcerers
  A deep elf zephyrmancer (D:13)
  9 orc knights
  A manticore (shapeshifter) (Vaults:5)
  15 moths of wrath
  2 wolf spiders (shapeshifter) (Vaults:2)
  A faun (Spider:4)
  3 manticores (D:11)
  35 ugly things
  A moth of wrath (shapeshifter) (Depths:4)
  3 will-o-the-wisps
  A glowing shapeshifter (Vaults:5)
  6 cyclopes
  18 elephants
  An elephant (shapeshifter) (Vaults:2)
  6 black mambas
  14 vault sentinels
  A naga mage (Depths:4)
  9 torpor snails
  2 rust devils
  A molten gargoyle (Desolation)
  A guardian serpent (Desolation)
  A water nymph (shapeshifter) (Vaults:2)
  A torpor snail (shapeshifter) (Vaults:5)
  A hellion (Depths:4)
  An unseen horror (shapeshifter) (D:14)
  3 gargoyles
  2 orange demons
  20 cane toads
  An unseen horror (D:11)
  3 rime drakes
  9 komodo dragons
  3 efreet
  31 yaktaurs
  A burning bush (Lair:2)
  A merfolk (Spider:4)
  2 tengu conjurers
  7 trolls
  7 meliai
  9 polar bears (Lair:5)
  A bloated husk (Swamp:3)
  3 raiju (Lair:5)
  34 tarantellas
  6 large abominations
  33 saltlings (Desolation)
  11 tyrant leeches
  13 hornets
  13 dream sheep (Lair:5)
  22 blink frogs
  A shapeshifter (Spider:4)
  30 jumping spiders
  A centaur simulacrum (D:14)
  10 shadows
  4 flying skulls (Gauntlet)
  32 slime creatures
  17 spriggans
  2 water elementals
  32 culicivoras
  3 fire elementals (Gauntlet)
  54 yaks
  6 wyverns
  6 wraiths
  An elf simulacrum (Vaults:3)
  3 hogs (Swamp:3)
  3 golden eyes
  59 redbacks
  17 vampire mosquitoes
  6 steam dragons
  7 basilisks
  10 wargs
  A swamp worm (shapeshifter) (Depths:1)
  18 swamp worms
  3 acid dragons
  16 hell hounds
  16 water moccasins
  Duvessa (D:6)
  5 swamp drakes
  An ice beast (D:7)
  12 black bears
  21 wolves
  17 ogres
  38 orc warriors
  20 centaurs
  2 phantoms
  5 kobold brigands
  Blork the orc (D:4)
  2 gnoll sergeants
  18 bullfrogs
  5 scorpions
  Dowan (D:6)
  4 wights (D:9)
  5 killer bees
  6 howler monkeys
  3 electric eels
  A crimson imp (D:7)
  5 hounds
  8 jellies
  10 orc priests
  2 gnoll boudas
  8 iguanas
  Jessica (D:2)
  Natasha (thrice) (D:4)
  A sleepcap (D:4)
  19 orc wizards
  A mummy (Ossuary)
  21 gnolls
  7 adders
  2 river rats (Lair:3)
  A shadow imp (D:6)
  3 white imps
  4 ufetubi (D:6)
  5 dart slugs
  55 orcs
  8 spectral bats (Ossuary)
  9 bats
  6 endoplasms
  6 giant cockroaches
  13 goblins
  11 hobgoblins
  5 jackals
  4 quokkas
  5 ball pythons (D:1)
  3 bat simulacra (Ossuary)
  5 frilled lizards
  12 gnoll zombies (Ossuary)
  4 goblin simulacra (Ossuary)
  6 goblin zombies (Ossuary)
  3 hobgoblin zombies (Ossuary)
  29 kobolds
  2 kobold simulacra (Ossuary)
  4 kobold zombies (Ossuary)
  5 orc zombies (Ossuary)
  8 rats
  A rat simulacrum (Ossuary)
  A spectral goblin (Ossuary)
  2 spectral kobolds (Ossuary)
  A spectral orc (D:13)
  6 spectral rats (Ossuary)
1944 creatures vanquished.

Vanquished Creatures (collateral kills)
  A centaur warrior (D:11)
  A two-headed ogre (D:11)
  A tengu warrior (D:11)
  A deep troll (D:11)
  An orb spider (D:11)
  A troll (D:11)
  A steam dragon (Bailey)
  An orc warrior (D:11)
8 creatures vanquished.

Vanquished Creatures (others)
  A hydra (Swamp:4)
  An orb spider (Spider:4)
  An ogre (Vaults:5)
  A kobold (D:9)
  2 foxfires (Swamp:3)
6 creatures vanquished.

Grand Total: 1958 creatures vanquished

Notes
Turn   | Place    | Note
-------+----------+-------------------------------------------
     0 | D:1      | Flugkiller the Octopode Shapeshifter began the quest for
                  | the Orb.
     0 | D:1      | Reached XP level 1. HP: 13/13 MP: 1/1
    75 | D:1      | Reached XP level 2. HP: 14/18 MP: 2/2
   267 | D:1      | Reached XP level 3. HP: 21/23 MP: 3/3
   991 | D:2      | Reached XP level 4. HP: 28/28 MP: 4/4
  1103 | D:2      | You fall into a shaft and drop 2 floors!
  1231 | D:3      | Found Hapsiani's Assorted Antiques.
  1250 | D:3      | Found a sparkling altar of Nemelex Xobeh.
  1267 | D:3      | Became a worshipper of Nemelex Xobeh the Trickster
  1631 | D:2      | Noticed Jessica
  1634 | D:2      | Killed Jessica
  1947 | D:3      | Reached skill level 3 in Dodging
  1958 | D:3      | Reached * piety under Nemelex Xobeh
  1958 | D:3      | Found a runed translucent door.
  1958 | D:3      | Noticed a human
  1960 | D:3      | Found a basalt altar of Yredelemnul.
  2030 | D:3      | Received a gift from Nemelex Xobeh
  2854 | D:4      | Reached XP level 5. HP: 34/34 MP: 5/5
  2994 | D:4      | Identified the +9 rapier of Collusion {venom, Str+2}
  2998 | D:4      | Reached skill level 4 in Dodging
  3017 | D:4      | Noticed Natasha
  3046 | D:4      | Killed Natasha
  3048 | D:4      | Noticed an ogre
  3141 | D:4      | Noticed Natasha
  3150 | D:4      | Killed Natasha
  3151 | D:4      | Reached XP level 6. HP: 35/39 MP: 4/6
  3163 | D:4      | Reached ** piety under Nemelex Xobeh
  3172 | D:4      | Received a gift from Nemelex Xobeh
  3213 | D:4      | Found a glowing silver altar of Zin.
  3213 | D:4      | Noticed an angel
  3247 | D:4      | Noticed Natasha
  3261 | D:4      | Reached skill level 5 in Dodging
  3270 | D:4      | Killed Natasha
  3287 | D:4      | Noticed Blork the orc
  3310 | D:4      | Killed Blork the orc
  3311 | D:4      | Reached skill level 1 in Short Blades
  3311 | D:4      | Reached skill level 1 in Stealth
  3311 | D:4      | Reached skill level 1 in Invocations
  3521 | D:4      | Reached XP level 7. HP: 43/45 MP: 6/8
  3669 | D:4      | Identified the amulet "Kiecaho" {Acrobat MP+9 Str+4}
  3718 | D:5      | Entered Level 5 of the Dungeon
  3803 | D:5      | Received a gift from Nemelex Xobeh
  3901 | D:5      | Found an opulent altar of Gozag.
  3901 | D:5      | Found a sacrificial altar of Ru.
  4041 | D:5      | Found an iron altar of Okawaru.
  4166 | D:5      | Found a glowing golden altar of the Shining One.
  4243 | D:5      | Reached *** piety under Nemelex Xobeh
  4251 | D:5      | Found a staircase to the Ecumenical Temple.
  4403 | D:5      | Found an ancient bone altar of Kikubaaqudgha.
  4404 | D:5      | Found a blossoming altar of Fedhas.
  4642 | D:6      | Reached XP level 8. HP: 52/52 MP: 10/10
  4880 | D:6      | Learned a level 3 spell: Ozocubu's Armour
  4949 | D:6      | Reached skill level 1 in Spellcasting
  4949 | D:6      | Reached skill level 1 in Ice Magic
  5021 | D:6      | Noticed Duvessa
  5023 | D:6      | Noticed Dowan
  5039 | D:6      | Killed Duvessa
  5041 | D:6      | Killed Dowan
  5479 | D:6      | Reached skill level 5 in Ice Magic
  5529 | D:6      | Found a stormy altar of Qazlal.
  5539 | D:6      | Reached **** piety under Nemelex Xobeh
  5546 | D:6      | Identified the +0 pair of boots of Ashenzari's Anger {Int-5
                  | Dex+5}
  5563 | D:6      | Reached XP level 9. HP: 47/58 MP: 11/11
  5920 | D:6      | Found a sacrificial altar of Ru.
  5950 | D:6      | Reached skill level 5 in Invocations
  6281 | D:7      | Found Reweoqif's Magic Scroll Shoppe.
  6282 | D:7      | Found a flagged portal.
  6305 | Bailey   | Entered a bailey
  6368 | Bailey   | Reached skill level 6 in Dodging
  6411 | Bailey   | Noticed a two-headed ogre
  6436 | Bailey   | Reached skill level 7 in Dodging
  6471 | Bailey   | a two-headed ogre changed into a moth of wrath
  6471 | Bailey   | Noticed a moth of wrath
  6476 | Bailey   | Killed a moth of wrath
  6477 | Bailey   | Reached skill level 5 in Fighting
  6477 | Bailey   | Reached skill level 8 in Dodging
  6491 | Bailey   | Reached XP level 10. HP: 26/66 MP: 7/13
  6740 | D:7      | Bought a scroll of fear for 64 gold pieces
  6740 | D:7      | Bought a scroll of teleportation for 48 gold pieces
  6849 | D:3      | Bought a bronze wand for 108 gold pieces
  7082 | D:7      | Reached skill level 9 in Dodging
  7128 | D:7      | Found a hide-covered altar of Uskayaw.
  7149 | D:7      | Received a gift from Nemelex Xobeh
  7805 | D:3      | Bought a copper wand for 108 gold pieces
  7914 | D:7      | Found a shimmering altar of Xom.
  7915 | D:7      | Found a burning altar of Makhleb.
  8064 | D:7      | Found a shimmering blue altar of Sif Muna.
  8168 | D:8      | Reached skill level 5 in Short Blades
  8211 | D:8      | Found a sand-covered staircase.
  8216 | Ossuary  | Entered an ossuary
  8381 | Ossuary  | Received a gift from Nemelex Xobeh
  9181 | D:3      | Bought a bubbling white potion for 24 gold pieces
  9345 | D:8      | Received a gift from Nemelex Xobeh
  9497 | D:8      | Found a broken altar of Ashenzari.
  9676 | D:3      | Bought a ruby potion for 24 gold pieces
  9836 | D:8      | Identified 2 scrolls of acquirement
  9836 | D:8      | Acquired 710 gold pieces
  9842 | D:8      | Acquired the ring of the Nine Howling Songs {rPois rF+
                  | MP+9}
  9861 | D:9      | Found a white marble altar of Elyvilon.
 10034 | D:9      | Noticed an elephant
 10055 | D:9      | Killed an elephant
 10188 | D:9      | Reached ***** piety under Nemelex Xobeh
 10200 | D:9      | Reached XP level 11. HP: 55/75 MP: 14/14
 10408 | D:9      | Received a gift from Nemelex Xobeh
 10436 | D:9      | Found a staircase to the Lair.
 10773 | D:10     | Entered Level 10 of the Dungeon
 10799 | D:10     | Noticed a two-headed ogre
 10799 | D:10     | Noticed a two-headed ogre
 10834 | D:10     | Found a stormy altar of Qazlal.
 11076 | D:10     | Noticed a two-headed ogre
 11135 | D:10     | Killed a two-headed ogre
 11136 | D:10     | Reached skill level 5 in Shapeshifting
 11508 | D:10     | Killed a two-headed ogre
 11509 | D:10     | Reached skill level 10 in Dodging
 11511 | D:10     | Killed a two-headed ogre
 11515 | D:10     | Received a gift from Nemelex Xobeh
 11516 | D:10     | Found the +8 pair of quick blades "Gyre" and "Gimble"
                  | {protect}
 11622 | D:11     | Identified the +4 dagger "Bodohusu" {freeze, rPois}
 11629 | D:11     | Noticed a white ugly thing
 11992 | D:11     | Noticed a two-headed ogre
 11998 | D:11     | Noticed a deep elf pyromancer
 12018 | D:11     | Noticed a manticore
 12039 | D:11     | Killed a manticore
 12040 | D:11     | Reached skill level 11 in Dodging
 12040 | D:11     | Reached XP level 12. HP: 82/82 MP: 15/15
 12082 | D:11     | Noticed a boulder beetle
 12084 | D:11     | Noticed a two-headed ogre
 12096 | D:11     | Killed a boulder beetle
 12098 | D:11     | Killed a two-headed ogre
 12297 | D:11     | Noticed a seven-headed hydra
 12313 | D:11     | Killed a seven-headed hydra
 12314 | D:11     | Reached skill level 10 in Shapeshifting
 12403 | D:11     | Noticed a tengu warrior
 12588 | D:11     | Noticed a two-headed ogre
 12602 | D:11     | a two-headed ogre changed into an orb spider
 12611 | D:11     | Killed a tengu warrior
 12885 | D:11     | Noticed a two-headed ogre
 12950 | D:11     | Killed a two-headed ogre
 12973 | D:11     | Killed a two-headed ogre
 12974 | D:11     | Reached XP level 13. HP: 90/90 MP: 17/17
 13090 | D:11     | Identified the blade talisman "Fiupnin" {Str+3 Slay+2}
 13172 | D:11     | Identified the of Facanod (You acquired it on level 11 of
                  | the Dungeon)
 13195 | D:11     | Reached skill level 12 in Dodging
 13272 | D:11     | Received a gift from Nemelex Xobeh
 13438 | D:11     | Found a staircase to the Orcish Mines.
 13745 | D:12     | Reached skill level 10 in Fighting
 14434 | Lair:1   | Entered Level 1 of the Lair of Beasts
 14450 | Lair:1   | Received a gift from Nemelex Xobeh
 14545 | Lair:1   | Reached ****** piety under Nemelex Xobeh
 14618 | Lair:1   | Reached skill level 13 in Dodging
 14668 | Lair:1   | Received a gift from Nemelex Xobeh
 14874 | Lair:1   | Noticed Erica
 14877 | Lair:1   | Killed Erica
 14878 | Lair:1   | Reached skill level 10 in Invocations
 14993 | Lair:1   | Received a gift from Nemelex Xobeh
 15196 | Lair:2   | Reached XP level 14. HP: 99/99 MP: 21/21
 15214 | Lair:2   | Reached skill level 14 in Dodging
 15426 | Lair:2   | Received a gift from Nemelex Xobeh
 15868 | Lair:3   | Received a gift from Nemelex Xobeh
 16020 | Lair:3   | Received a gift from Nemelex Xobeh
 16176 | Lair:3   | Found a staircase to the Swamp.
 16239 | Lair:3   | Found a hole to the Spider Nest.
 16267 | Lair:3   | Reached skill level 10 in Short Blades
 16514 | Gauntlet | Identified the "Uradowki"
 16724 | Lair:4   | Found a gate leading to a gauntlet.
 16764 | Gauntlet | Entered a Gauntlet
 16764 | Gauntlet | Found a transporter.
 16772 | Gauntlet | Found a transporter.
 16776 | Gauntlet | Found a transporter.
 16784 | Gauntlet | Found a transporter.
 16788 | Gauntlet | Found a transporter.
 16796 | Gauntlet | Found a transporter.
 16800 | Gauntlet | Found a transporter.
 16808 | Gauntlet | Found a transporter.
 16812 | Gauntlet | Received a gift from Nemelex Xobeh
 16812 | Gauntlet | Found a transporter.
 16820 | Gauntlet | Found a transporter.
 16851 | Gauntlet | Found a transporter.
 16863 | Gauntlet | Found a transporter.
 16876 | Gauntlet | Found a transporter.
 16889 | Gauntlet | Found a transporter.
 17014 | Gauntlet | Identified the +10 trident "Beast's Funeral" {venom, *Rage
                  | rC- rN+++ Int+7}
 17040 | Gauntlet | Identified the ring "Naatuac" {Fire rPois Will- Dex+6}
 17163 | Lair:4   | Found a staircase to the Slime Pits.
 17165 | Lair:4   | Found a viscous altar of Jiyva.
 17418 | Lair:4   | Reached XP level 15. HP: 105/105 MP: 22/22
 17725 | Lair:5   | Entered Level 5 of the Lair of Beasts
 17953 | Lair:5   | Received a gift from Nemelex Xobeh
 18000 | Lair:5   | Reached skill level 15 in Dodging
 18347 | Lair:5   | Noticed Urug
 18355 | Lair:5   | Killed Urug
 18494 | Lair:5   | Received a gift from Nemelex Xobeh
 19056 | Spider:1 | Entered Level 1 of the Spider Nest
 19254 | Spider:1 | Reached XP level 16. HP: 93/114 MP: 23/23
 19278 | Spider:1 | Received a gift from Nemelex Xobeh
 19558 | Spider:1 | Received a gift from Nemelex Xobeh
 20155 | Spider:2 | Noticed Jorgrun
 20155 | Spider:2 | Noticed Arachne
 20168 | Spider:2 | Killed Arachne
 20172 | Spider:2 | Killed Jorgrun
 20219 | Spider:2 | Received a gift from Nemelex Xobeh
 20241 | Spider:2 | Noticed Mlioglotl
 20252 | Spider:2 | Killed Mlioglotl
 20253 | Spider:2 | Reached skill level 16 in Dodging
 20845 | Spider:3 | Received a gift from Nemelex Xobeh
 20916 | Spider:3 | Reached XP level 17. HP: 99/123 MP: 17/24
 21429 | Spider:4 | Entered Level 4 of the Spider Nest
 21855 | Spider:4 | Reached skill level 17 in Dodging
 22126 | Spider:4 | Received a gift from Nemelex Xobeh
 22224 | Spider:4 | Reached skill level 15 in Fighting
 22480 | Spider:4 | Reached skill level 18 in Dodging
 22596 | Spider:4 | Got a gossamer rune of Zot
 23009 | Swamp:1  | Entered Level 1 of the Swamp
 23018 | Swamp:1  | Reached skill level 5 in Stealth
 23024 | Swamp:1  | Reached XP level 18. HP: 134/134 MP: 25/25
 23038 | Swamp:1  | Received a gift from Nemelex Xobeh
 23278 | Swamp:1  | Received a gift from Nemelex Xobeh
 23963 | Swamp:3  | Noticed Bai Suzhen
 23976 | Swamp:3  | Killed Bai Suzhen
 24031 | Swamp:3  | Received a gift from Nemelex Xobeh
 24147 | Swamp:3  | Reached skill level 10 in Stealth
 24259 | Swamp:3  | Noticed Kirke
 24271 | Swamp:3  | Killed Kirke
 24466 | Swamp:4  | Entered Level 4 of the Swamp
 24714 | Swamp:4  | Noticed a tentacled monstrosity
 24724 | Swamp:4  | Killed a tentacled monstrosity
 24819 | Swamp:4  | Received a gift from Nemelex Xobeh
 25290 | Swamp:4  | Reached XP level 19. HP: 111/146 MP: 26/26
 25337 | Swamp:4  | Learned a level 4 spell: Vhi's Electric Charge
 25370 | Swamp:4  | Got a decaying rune of Zot
 25647 | Orc:1    | Entered Level 1 of the Orcish Mines
 25647 | Orc:1    | Received a gift from Nemelex Xobeh
 25907 | Orc:1    | Reached skill level 1 in Translocations
 25907 | Orc:1    | Reached skill level 1 in Air Magic
 26047 | Orc:2    | Entered Level 2 of the Orcish Mines
 26065 | Orc:2    | Received a gift from Nemelex Xobeh
 26085 | Orc:2    | Found a staircase to the Elven Halls.
 26331 | Orc:2    | Found Wuschig's General Store.
 26331 | Orc:2    | Found Lunets's Antique Armour Shop.
 26336 | Orc:2    | Found Beevis's Antique Armour Boutique.
 26340 | Orc:2    | Found Testenog's Assorted Antiques.
 26355 | Orc:2    | Bought a scintillating steel ring for 110 gold pieces
 26355 | Orc:2    | Identified the ring of Gedghecw {AC+4 Int+3 Stlth+} (You
                  | bought it in a shop on level 2 of the Orcish Mines)
 26383 | Orc:2    | Received a gift from Nemelex Xobeh
 27126 | D:13     | Identified the +5 trident of Dismemberment {antimagic, Fly
                  | rElec Dex+2}
 27230 | D:13     | Received a gift from Nemelex Xobeh
 27401 | D:13     | Found a basalt altar of Yredelemnul.
 27572 | D:13     | Found a gate to the Vaults.
 27583 | Vaults:1 | Entered Level 1 of the Vaults
 27607 | Vaults:1 | Received a gift from Nemelex Xobeh
 27909 | Vaults:1 | Reached skill level 5 in Translocations
 27911 | Vaults:1 | Reached skill level 5 in Air Magic
 27985 | Vaults:1 | Received a gift from Nemelex Xobeh
 28045 | Vaults:1 | Found Yggov's Jewellery Shoppe.
 28156 | Vaults:1 | Found Guygid's Magic Scroll Shop.
 28177 | Vaults:1 | Bought a scroll of teleportation for 33 gold pieces
 28177 | Vaults:1 | Bought a scroll of teleportation for 33 gold pieces
 28484 | Vaults:1 | Found Sainil's Antique Weapon Shop.
 28560 | Vaults:1 | Received a gift from Nemelex Xobeh
 28984 | Vaults:2 | Reached XP level 20. HP: 153/153 MP: 27/27
 29083 | Vaults:2 | Noticed Boris
 29097 | Vaults:2 | Killed Boris
 29342 | Vaults:2 | Found Buryulul's Jewellery Shoppe.
 29344 | Vaults:2 | Bought a ring of protection from cold for 500 gold pieces
 29344 | Vaults:2 | Bought a ring of willpower for 500 gold pieces
 29763 | Vaults:2 | Received a gift from Nemelex Xobeh
 30138 | Vaults:3 | Noticed a bone dragon
 30140 | Vaults:3 | Found a staircase to the Crypt.
 30144 | Vaults:3 | Killed a bone dragon
 30145 | Vaults:3 | Reached skill level 10 in Translocations
 30145 | Vaults:3 | Reached skill level 10 in Air Magic
 30233 | Vaults:3 | Received a gift from Nemelex Xobeh
 30521 | Vaults:3 | Noticed Boris
 30528 | Vaults:3 | Killed Boris
 30649 | Vaults:3 | Reached skill level 19 in Dodging
 31066 | Vaults:3 | Found a runed translucent gate.
 31066 | Vaults:3 | Found a runed translucent gate.
 31067 | Vaults:3 | Found a runed translucent gate.
 31068 | Vaults:3 | Noticed Ymilidghe's ghost (adept TrGl)
 31130 | Desolati | Identified the "Kobext"
 31130 | Desolati | Identified the "Itsighef"
 31136 | Vaults:4 | Reached XP level 21. HP: 159/159 MP: 28/28
 31153 | Vaults:4 | Acquired 861 gold pieces
 31259 | Vaults:4 | Received a gift from Nemelex Xobeh
 31262 | Vaults:4 | Found a crumbling gateway.
 31269 | Desolati | Entered the Desolation of Salt
 31308 | Desolati | Reached skill level 20 in Dodging
 31413 | Desolati | Received a gift from Nemelex Xobeh
 31450 | Desolati | Identified the ring of Understanding {Fly rF+ rN+}
 31452 | Desolati | Identified the +7 quarterstaff "Lonaomp" {heavy, rPois rF+
                  | Int-4 Dex+5}
 31456 | Desolati | Identified the ring "Fypuero" {Wiz rPois rN+ Dex-3}
 31503 | Desolati | Identified the +3 falchion "Viutzate" {speed, Dex+3}
 31811 | Vaults:4 | Received a gift from Nemelex Xobeh
 31990 | Vaults:4 | Noticed Jory
 32000 | Vaults:4 | Killed Jory
 32328 | Vaults:4 | Received a gift from Nemelex Xobeh
 32357 | Vaults:4 | Found Hoakes Pouz's Book Shoppe.
 32364 | Vaults:4 | Found Egroduol's Weapon Shoppe.
 32431 | Vaults:4 | Found Pucofaas's Antique Weapon Shoppe.
 32613 | Vaults:5 | Entered Level 5 of the Vaults
 32695 | Vaults:5 | Reached XP level 22. HP: 166/167 MP: 12/29
 32714 | Vaults:5 | Reached skill level 21 in Dodging
 32776 | Vaults:5 | Identified the +0 ring mail "Jottaos" {rC- Will+ Dex+3}
 32790 | Vaults:5 | Identified the ring of Bofump {Int+6 Dex+3 Slay+3}
 33004 | Vaults:5 | Found Haamen's Antique Weapon Shoppe.
 33181 | Vaults:5 | Received a gift from Nemelex Xobeh
 33245 | Vaults:5 | Got a silver rune of Zot
 33469 | Vaults:5 | Reached skill level 15 in Shapeshifting
 34168 | D:14     | Received a gift from Nemelex Xobeh
 34705 | D:15     | Entered Level 15 of the Dungeon
 34821 | D:15     | Received a gift from Nemelex Xobeh
 34895 | D:15     | Reached skill level 22 in Dodging
 35198 | D:15     | Received a gift from Nemelex Xobeh
 35266 | D:15     | Found a staircase to the Depths.
 35518 | Crypt:3  | Identified the "Yletirph"
 35518 | Depths:1 | Entered Level 1 of the Depths
 35563 | Depths:1 | Reached XP level 23. HP: 176/176 MP: 30/30
 35574 | Depths:1 | Found a one-way gateway to a ziggurat.
 35624 | Depths:2 | Identified the of Oredghy
 35856 | Depths:2 | Noticed Boris
 35857 | Depths:2 | Found a gateway to Hell.
 35857 | Depths:2 | Noticed a caustic shrike
 35857 | Depths:2 | Noticed a caustic shrike
 35857 | Depths:2 | Noticed a caustic shrike
 35863 | Depths:2 | Killed a caustic shrike
 35865 | Depths:2 | Killed a caustic shrike
 35870 | Depths:2 | Killed a caustic shrike
 35879 | Depths:2 | Killed Boris
 35950 | Depths:2 | Found a one-way gate leading to the halls of Pandemonium.
 35993 | Depths:2 | Reached skill level 15 in Stealth
 35996 | Depths:2 | Noticed a golden dragon
 35998 | Depths:2 | Noticed a juggernaut
 36014 | Depths:2 | Killed a juggernaut
 36024 | Depths:2 | Killed a golden dragon
 36045 | Depths:2 | Noticed a golden dragon
 36052 | Depths:2 | Killed a golden dragon
 36059 | Depths:2 | Received a gift from Nemelex Xobeh
 36377 | Vaults:2 | Bought the amulet of Washruit {Acrobat *Corrode rElec rF+
                  | Dex+6} for 1160 gold pieces
 36839 | Depths:3 | Identified the of Fuwn
 36839 | Depths:3 | Noticed Boris
 36839 | Depths:3 | Found a one-way gate to the infinite horrors of the Abyss.
 36839 | Depths:3 | Found Hypeith's Armour Shoppe.
 36841 | Depths:3 | Killed Boris
 36860 | Depths:3 | Found Suloyn Ynitt's Jewellery Emporium.
 36898 | Depths:3 | Found a flickering gateway to a bazaar.
 36899 | Depths:3 | Received a gift from Nemelex Xobeh
 36909 | Bazaar   | Entered a bazaar
 36920 | Bazaar   | Found Uju Vef's Book Shoppe.
 36981 | Bazaar   | Found Buyhyniv's General Store.
 36989 | Bazaar   | Bought a scroll of blinking for 105 gold pieces
 36989 | Bazaar   | Bought a potion of heal wounds for 70 gold pieces
 37006 | Bazaar   | Found Usuifoif's Book Shop.
 37014 | Bazaar   | Bought a manual of Stealth for 880 gold pieces
 37020 | Bazaar   | Found Otapedu's Jewellery Shoppe.
 37024 | Bazaar   | Bought a ring of willpower for 250 gold pieces
 37234 | Depths:3 | Found Uqekhlax's Armour Shop.
 37282 | Depths:3 | Received a gift from Nemelex Xobeh
 37333 | Depths:3 | Found Faodad's Armour Boutique.
 37364 | Depths:3 | Found Big Baal Hell's Store.
 37378 | Depths:3 | Bought the ring "Feunidd" {rC+ Will+} for 2574 gold pieces
 37637 | Depths:4 | Identified the "Masoish"
 37637 | Depths:4 | Entered Level 4 of the Depths
 37707 | Depths:4 | Noticed a caustic shrike
 37708 | Depths:4 | Noticed a caustic shrike
 37711 | Depths:4 | Noticed a caustic shrike
 37716 | Depths:4 | Killed a caustic shrike
 37719 | Depths:4 | Killed a caustic shrike
 37723 | Depths:4 | Killed a caustic shrike
 37958 | Depths:4 | Received a gift from Nemelex Xobeh
 38004 | Depths:4 | Reached XP level 24. HP: 183/183 MP: 30/30
 38124 | Depths:4 | Found a gate to the Realm of Zot.
 38208 | Elf:1    | Identified the "Acexiz"
 38208 | Elf:2    | Identified the of Tyngay
 38208 | Elf:2    | Identified the "Neucoci"
 38208 | WizLab   | Identified the "Lalizog"
 38208 | Zot:1    | Entered Level 1 of the Realm of Zot
 38393 | Zot:1    | Noticed a juggernaut
 38393 | Zot:1    | Noticed a juggernaut
 38399 | Zot:1    | Killed a juggernaut
 38400 | Zot:1    | an iron dragon changed into a caustic shrike
 38400 | Zot:1    | Noticed a caustic shrike (glowing shapeshifter)
 38405 | Zot:1    | Killed a juggernaut
 38409 | Zot:1    | Killed a caustic shrike
 38413 | Zot:1    | an iron dragon changed into a caustic shrike
 38413 | Zot:1    | Noticed a caustic shrike (glowing shapeshifter)
 38413 | Zot:1    | an iron dragon changed into a caustic shrike
 38413 | Zot:1    | Noticed a caustic shrike (glowing shapeshifter)
 38415 | Zot:1    | Killed a caustic shrike
 38415 | Zot:1    | a caustic shrike changed into a shadow dragon
 38753 | Zot:3    | Noticed an orb of fire
 38769 | Zot:3    | Killed an orb of fire
 38912 | Zot:4    | Received a gift from Nemelex Xobeh
 38914 | Zot:4    | Noticed an orb of fire
 38925 | Zot:4    | Gained mutation: You occasionally lose the ability to drink
                  | potions when taking damage. [an orb of fire]
 38932 | Zot:4    | Gained mutation: You are frail. (-10% HP) [an orb of fire]
 38933 | Zot:4    | Gained mutation: You sometimes lose the ability to drink
                  | potions when taking damage. [an orb of fire]
 38937 | Zot:4    | Found a transporter.
 38943 | Zot:4    | Killed an orb of fire
 38969 | Zot:3    | Lost mutation: You are frail. (-10% HP) [potion of
                  | mutation]
 38969 | Zot:3    | Lost mutation: You sometimes lose the ability to drink
                  | potions when taking damage. [potion of mutation]
 38969 | Zot:3    | Gained mutation: You are resistant to electric shocks.
                  | (rElec) [potion of mutation]
 38970 | Zot:3    | Lost mutation: You occasionally lose the ability to drink
                  | potions when taking damage. [potion of mutation]
 38970 | Zot:3    | Lost mutation: You are resistant to electric shocks.
                  | (rElec) [potion of mutation]
 38970 | Zot:3    | Gained mutation: You are robust. (+10% HP) [potion of
                  | mutation]
 38970 | Zot:3    | Gained mutation: Your system is resistant to poisons.
                  | (rPois) [potion of mutation]
 39095 | Zot:4    | Found a transporter.
 39113 | Zot:5    | Entered Level 5 of the Realm of Zot
 39337 | Zot:5    | Noticed a curse toe
 39365 | Zot:5    | Killed a curse toe
 39554 | Zot:5    | Noticed an ancient lich
 39554 | Zot:5    | Noticed an orb of fire
 39556 | Zot:5    | Noticed a Killer Klown
 39556 | Zot:5    | Noticed a Killer Klown
 39556 | Zot:5    | Noticed an orb of fire
 39557 | Zot:5    | Noticed a Killer Klown
 39558 | Zot:5    | Received a gift from Nemelex Xobeh
 39563 | Zot:5    | Got the Orb of Zot
 39564 | Zot:5    | Noticed a Killer Klown
 39586 | Zot:5    | Noticed an ancient lich
 39661 | Zot:3    | Reached XP level 25. HP: 172/209 MP: 30/30
 40228 | D:1      | gg
 40229 | D:$      | Escaped with the Orb!

Illustrated notes

#.†.....#.....##.######
####.###....####......#
#.###.###......###.#
#..............# #.#
#...##'#'#+##..# #.######
#########..###.#.#.###.###.......
#......##..##♣.P.P.♣##.....#####.
#.####.#..[##.......##.###.#####.
#.####.#...##...W...##.# #.##....
....##.#...############# #.##.#..
#.#.#......##⌠..>..⌠## #..†....
#.#.#..###.##.......## ####†#..
.......###.##⌠.♣_♣.⌠## #....###
.##.....##.#####♣##### #.##.###
.####...##.########## #.##....
.........#.# #...# #...####
..#.#......####...###### ###.####


Turn 40228 on D:1: gg

Levels and vault maps discovered:
D:1:      spicycebolla_arrival_ecumenical, layout_loops_cross
D:2:      layout_loops_corners, uniq_jessica
D:3:      layout_basic, dk_yredelemnul_ordeal, mainiacjoe_overflow_boulevard,
          serial_shops, shop, guppyfry_early_lair_pool
D:4:      layout_loops_ring, zin_angel, minmay_checkerbox, uniq_natasha,
          uniq_blork_the_orc
D:5:      layout_layer_cave, grunt_temple_overflow_growth_and_decay,
          lemuel_tele_altar, tso_oasis_becter, mainiacjoe_overflow_divided_tiny,
          minmay_temple_entry_trees
D:6:      layout_cave_pods, hangedman_feature_mirror, serial_bayou_pond_d,
          dreamdust_gnoll_farm, uniq_duvessa
D:7:      layout_basic, grunt_temple_overflow_champion_of_chaos, tgw_sif,
          mainiacjoe_overflow_24_doors, enter_bailey_5, serial_shops, shop,
          kennysheep_generic_room_16
D:8:      layout_cave_pools, kennysheep_mini_moat, enter_ossuary_5
D:9:      old_forge, layout_basic, overflow_temple_1_default,
          grunt_lair_entry_orc_guard_hut
D:10:     layout_basic, mainiacjoe_overflow_tiny_flanked,
          hellmonk_guarded_unrand_gyre_and_gimble
D:11:     minmay_the_grid_square_5x5_4x4_mashed
          [minmay_the_grid_square_5x5_checkered,
          minmay_the_grid_square_5x5_tri_point,
          minmay_the_grid_square_5x5_minibox, minmay_the_grid_square_5x5_three,
          minmay_the_grid_square_5x5_dogpile,
          minmay_the_grid_square_5x5_prize_open,
          minmay_the_grid_square_5x5_prize_monsterx,
          minmay_the_grid_square_5x5_misaligned,
          minmay_the_grid_square_5x5_eight_small,
          minmay_the_grid_square_5x5_prize_snowflake,
          minmay_the_grid_square_5x5_prize_itemx, minmay_the_grid_square_5x5_z,
          minmay_the_grid_square_5x5_minivault,
          minmay_the_grid_square_5x5_half_checkered,
          minmay_the_grid_square_5x5_inverted_slash,
          minmay_the_grid_square_5x5_pentomino_r], layout_gridville, david_orc_4
D:12:     layout_grid_maze
D:13:     layout_roguey, david_vaults_5, grunt_ministairs_10,
          yredelemnul_forgotten_temple_becter
D:14:     layout_loops_ring, hangedman_decor_points, minmay_microvault
D:15:     grunt_enter_depths_hoard, layout_basic
Lair:1:   layout_regular_city, cheibrodos_lair_reptile_den,
          infiniplex_staircase_pool, serial_bayou_shore_a, uniq_erica
Lair:2:   layout_loops_ring, evilmike_ambush [evilmike_ambush_outer_basic,
          evilmike_ambush_inner_pond], grunt_megastairs_4
Lair:3:   layout_big_grid, minmay_swamp_entry_reptiles,
          nicolae_spider_entry_tight_spaces, pond, lemuel_fruit_fields
Lair:4:   layout_loops_ring, nicolae_slime_entry_field_trip,
          gauntlet_entry_generic, nzn_sisyphean_effort, grunt_megastairs_2
Lair:5:   hangedman_lair_caniforms_friends, layout_loops_ring, st_stairs_3,
          nicolae_lair_grove_arrangements, lemuel_old_faithful,
          lemuel_fruit_fields, uniq_urug
Swamp:1:  layout_basic_swamp, evilmike_swamp_ruin_house_4,
          nicolae_swamp_decorative_isthmus
Swamp:2:  layout_falls_marsh, nicolae_swamp_bean_lake
Swamp:3:  layout_basic_swamp, nicolae_swamp_fairy_circle,
          hangedman_swamp_blocks, swamp_pool_1_2, uniq_kirke, uniq_bai_suzhen
Swamp:4:  swamp_vile, layout_basic_swamp, infiniplex_staircase_pool_2
Spider:1: layout_cave_pods, drop_trap
Spider:2: layout_spider_delve, uniq_arachne, uniq_mlioglotl, uniq_jorgrun
Spider:3: layout_spider_delve, drop_trap
Spider:4: johnstein_spider_rune_arachne_lair, drop_trap
Orc:1:    layout_caves
Orc:2:    st_orc_rangers, layout_diamond_mine
Vaults:1: nicolae_vaults_mini_display_case, hangedman_vaults_pinch,
          hangedman_vaults_cutoff, nicolae_vaults_shipping_containers_4,
          ontoclasm_vaults_hangar, nicolae_vaults_trapezoid_2,
          nicolae_vaults_storage_closets_1, nicolae_vaults_spaceships,
          nicolae_vaults_hexular_roomagon, vaults_mumra_hex,
          nicolae_vaults_apartment_1, vaults_room_hallway,
          layout_vaults_big_cross, serial_shops, nicolae_shop_statue_plus, shop,
          shop
Vaults:2: nicolae_vaults_tangram_2, nicolae_vaults_six-pack,
          nicolae_vaults_more_shelving_2, vaults_dpeg_spiral,
          nicolae_vaults_shrinking_rooms_1, v_alt_pattern_4,
          nicolae_vaults_heist, nicolae_vaults_weapon_check,
          hangedman_vaults_stagger, nicolae_vaults_house_2,
          nicolae_vaults_loss_of_containment, ontoclasm_vaults_pinch,
          nicolae_vaults_trapezoid_3, layout_vaults_ring, serial_shops,
          nicolae_shop_gaudy_bauble, uniq_boris
Vaults:3: ebering_ghost_rock_garden, nicolae_vaults_two_Ls,
          nicolae_vaults_network_s, vaults_room_grid, nicolae_vaults_rhombus_6,
          serial_ice_b, nicolae_vaults_cornered_office,
          ontoclasm_vaults_ligature, nicolae_vaults_windows_and_doors_thing,
          v_misc_14, v_rooms_6, vaults_room_corners, nicolae_vaults_gold_heap,
          layout_vaults_omnigrid, minmay_crypt_entry_nasty_monster
Vaults:4: portal_desolation_entry_nicolae_slug, hangedman_vaults_stitches,
          nicolae_vaults_ring_of_whatevers, grunt_vaults_swirl,
          nicolae_vaults_disjoint_gnomons, v_alt_pattern_6,
          nicolae_vaults_tetromino_L_1, hangedman_vaults_hard_town_square,
          grunt_vaults_diagonal, v_misc_13, nicolae_vaults_what_the_h,
          nicolae_vaults_little_squares_2, layout_vaults_omnibox, uniq_jory
Vaults:5
Depths:1: layout_gridville, enter_ziggurat_a, hangedman_decor_diamond_cutter,
          lightli_too_deep, abyss_entry_glasseish, kennysheep_vampire_church,
          serial_bayou_shore_b, minmay_shop_grove
Depths:2: impenetrable_vault, layout_gridlike, hell_entry,
          abyss_entry_small_statue_room, pan_entry, basic_altar,
          dispersion_dpeg, kennysheep_cross_landing,
          infiniplex_staircase_zigzag_2
Depths:3: hellmonk_destroyed_diamonds, layout_cave_pools, serial_shops,
          bzr_firewalk, shop, nicolae_shop_stone, shop,
          nicolae_shop_tiny_statue_garden, nicolae_hell_entry_big_baal_hell,
          abyss_entry
Depths:4: evilmike_zot_entry_round, layout_gridlike, hell_entry,
          hangedman_research_probablistics
Zot:1:    layout_cathedral_of_symmetry, hellmonk_formless_pools,
          grunt_megastairs_3
Zot:2:    layout_misc_corridors, gammafunk_ghost_grave, grunt_megastairs_5
Zot:3:    grunt_zot_stairs_mandelzot, layout_basic, regret_index_zotdec_dark_gr,
          uniq_josephina
Zot:4:    dreamdust_zin_vs_xom, layout_basic, regret_index_zotdec_onion_hex,
          nicolae_transporter_intersection, uniq_parghit
Zot:5:    layout_twisted_circle, bh_zot_lava_cross

Skill      XL: |  1  2  3  4  5  6  7  8  9 10 11 12 13 14 15 16 17 18 19 20 21 22 23 24 |
---------------+-------------------------------------------------------------------------+-----
Unarmed Combat | 4 |  4.0
Fighting       | 2 3 4 5 7 8 9 10 12 13 15 17 18 19 20 | 20.8
Dodging        | 3 4 5 8 9 11 13 14 15 16 18 19 20 22 | 22.7
Short Blades   | 2 3 4 6 8 10 12 13 14 | 14.0
Stealth        | 2 5 10 11 15 20 | 20.0
Invocations    | 2 3 5 6 10 | 10.0
Spellcasting   | 1 4 |  4.0
Ice Magic      | 6 |  6.1
Shapeshifting  | 4 6 10 11 12 14 15 17 19 | 19.0
Translocations | 7 10 | 10.0
Air Magic      | 7 10 | 10.0

Action                     |  1- 3 |  4- 6 |  7- 9 | 10-12 | 13-15 | 16-18 | 19-21 | 22-24 | 25-27 || total
---------------------------+-------+-------+-------+-------+-------+-------+-------+-------+-------++-------
  Melee: Unarmed           |    60 |    54 |       |       |       |     9 |       |       |       ||   123
         Constrict         |    22 |    22 |    34 |    90 |   151 |   266 |   195 |   173 |     6 ||   959
         Tentacles         |     7 |    18 |    39 |   186 |   492 |   595 |   801 |  1089 |    40 ||  3267
         Punch             |     3 |     1 |     5 |    30 |    75 |    93 |   120 |   158 |     5 ||   490
         Rapier            |       |    33 |   157 |   347 |       |       |       |       |       ||   537
         Pair of quick bla |       |       |       |   321 |  1186 |  1453 |  1861 |  2162 |    76 ||  7059
         Maw               |       |       |       |     7 |   613 |   790 |  1035 |  1250 |    51 ||  3746
   Fire: Sling             |     2 |    15 |       |       |       |       |       |       |       ||    17
   Cast: Ozocubu's Armour  |       |       |     3 |       |    19 |    13 |     1 |     1 |       ||    37
         Vhi's Electric Ch |       |       |       |       |       |       |    21 |    19 |     5 ||    45
 Invoke: Draw Destruction  |       |       |     3 |     3 |     2 |     2 |       |       |       ||    10
         Draw Escape       |       |       |     1 |       |       |       |       |       |       ||     1
         Draw Summoning    |       |       |     2 |     3 |     3 |       |       |       |       ||     8
         Triple Draw       |       |       |       |     1 |       |     1 |       |       |       ||     2
         Deal Four         |       |       |       |       |       |     1 |       |       |       ||     1
  Evoke: Wand              |       |       |       |     2 |       |     1 |       |     1 |       ||     4
    Use: Scroll            |       |     2 |     5 |     9 |     8 |     6 |     3 |    14 |       ||    47
         Potion            |       |     2 |       |     1 |       |     2 |       |     7 |       ||    12
   Stab: Sleeping          |     9 |     7 |     5 |    13 |    10 |    35 |    77 |    47 |       ||   203
         Distracted        |       |       |       |     1 |     3 |     4 |     3 |    12 |       ||    23
 Armour: Skin              |    15 |    49 |    94 |   198 |   164 |   215 |   155 |   176 |       ||  1066
  Dodge: Dodged            |    19 |    47 |   138 |   335 |   266 |   647 |   588 |   588 |     9 ||  2637
         Form:             |       |       |     1 |       |       |       |       |       |       ||     1
         Beast             |       |       |     1 |       |       |       |       |       |       ||     1
         Maw               |       |       |       |     1 |       |       |       |       |       ||     1

Table legend: (Time is in decaauts)
 A = Elapsed time spent in this place.
 B = Non-inter-level travel time spent in this place.
 C = Inter-level travel time spent in this place.
 D = Time resting spent in this place.
 E = Time spent auto-exploring this place.
 F = Levels seen in this place.
 G = Mean time per level.
                   A        B        C        D        E       F      G
               +--------+--------+--------+--------+--------+-----+--------+
         Total |  39185 |  34620 |   4565 |   3510 |  21311 |  49 |  799.7 |
       Dungeon |  16586 |  14249 |   2337 |   1847 |   9015 |  15 | 1105.7 |
          Lair |   4184 |   3678 |    506 |      5 |   2596 |   5 |  836.8 |
         Swamp |   2399 |   2260 |    139 |    283 |   1291 |   4 |  599.8 |
   Spider Nest |   3761 |   3487 |    274 |    364 |   2075 |   4 |  940.2 |
  Orcish Mines |   1029 |   1002 |     27 |      0 |    814 |   2 |  514.5 |
        Vaults |   5750 |   4957 |    793 |    126 |   3494 |   5 | 1150.0 |
        Depths |   2159 |   1830 |    329 |     46 |   1050 |   4 |  539.8 |
           Zot |   1435 |   1278 |    157 |    481 |    250 |   5 |  287.0 |
        Bazaar |    164 |    164 |      0 |      0 |    158 |   1 |  164.0 |
       Ossuary |    488 |    488 |      0 |    165 |    126 |   1 |  488.0 |
        Bailey |    419 |    419 |      0 |    181 |     95 |   1 |  419.0 |
    Desolation |    481 |    481 |      0 |     10 |    212 |   1 |  481.0 |
      Gauntlet |    324 |    324 |      0 |      0 |    135 |   1 |  324.0 |
               +--------+--------+--------+--------+--------+-----+--------+

Top non-repeatable levels by time:
    D:11: 1663 daAuts
     D:6: 1559 daAuts
Vaults:1: 1498 daAuts
     D:4: 1492 daAuts
Spider:4: 1379 daAuts
    D:10: 1235 daAuts
     D:3: 1213 daAuts
     D:5: 1212 daAuts
Vaults:2: 1204 daAuts
     D:7: 1122 daAuts
     D:9: 1080 daAuts
Vaults:3: 1053 daAuts
     D:2: 1050 daAuts
Vaults:5: 1048 daAuts
Spider:1: 1045 daAuts
